 Dungeon Crawl Stone Soup version 0.26.1-2-gb8aa6d0 (webtiles) character file.

Game seed: 8220762130014366602

1845 Geeful the Covert (level 9, -7/61 HPs)
             Began as an Octopode Delver on Apr 3, 2021.
             Was a Believer of Vehumet.
             Mangled by a two-headed ogre
             ... wielding a +0 dire flail
              (18 damage)
             ... on level 8 of the Dungeon on Apr 4, 2021.
             The game lasted 00:22:49 (7152 turns).

Geeful the Covert (Octopode Delver)                 Turns: 7152, Time: 00:22:50

Health: -7/61      AC:  1    Str: 11    XL:     9   Next: 12%
Magic:  13/13      EV: 19    Int: 16    God:    Vehumet [**....]
Gold:   109        SH:  5    Dex: 13    Spells: 11/14 levels left

rFire    . . .     SeeInvis +   b - +2 scimitar (vorpal)
rCold    . . .     Faith    .   t - +0 buckler
rNeg     . . .     Spirit   .   (helmet restricted)
rPois    .         Reflect  .   m - amulet of magic regeneration
rElec    .         Harm     .   h - +4 ring of evasion
rCorr    .         Rampage  .   v - ring of willpower
Will     +....                  A - ring of see invisible
Stlth    +++++.....             (no ring)
HPRegen  0.20/turn              (no ring)
MPRegen  0.38/turn              (no ring)
                                (no ring)
                                (no ring)

@: studying Translocations
A: almost no armour, stealthy swim, amphibious, 8 rings, constrict 8, camouflage
1, gelatinous body 1
a: Renounce Religion


You were on level 8 of the Dungeon.
You worshipped Vehumet.
Vehumet was pleased with you.
You visited 2 branches of the dungeon, and saw 11 of its levels.

You collected 246 gold pieces.
You spent 137 gold pieces at shops.

Inventory:

Hand Weapons
 a - a +1 short sword
 b - a +2 vorpal scimitar (weapon)
Missiles
 p - 14 poisoned darts (quivered)
Armour
 t - a +0 buckler (worn)
 x - a +0 kite shield
Jewellery
 h - a +4 ring of evasion (left tentacle)
 m - an amulet of magic regeneration (around mantle)
 q - an uncursed amulet of magic regeneration
 v - a ring of willpower (right tentacle)
 A - a ring of see invisible (on tentacle)
Wands
 f - a wand of digging (4)
Scrolls
 c - 4 scrolls of magic mapping
 d - a scroll of fear
 k - 2 scrolls of identify
 o - 3 scrolls of teleportation
 u - 2 scrolls of remove curse
 w - a scroll of noise {unknown}
 C - 2 scrolls of fog
Potions
 e - a potion of haste
 g - a potion of mutation {unknown}
 i - 2 potions of flight
 j - a potion of magic
 l - 6 potions of heal wounds
 n - 2 potions of attraction {unknown}
 r - a potion of degeneration {unknown}
 s - a potion of might
 z - a potion of resistance {unknown}
 B - 2 potions of lignification {unknown}
 D - a potion of curing
Books
 y - a manual of Translocations


   Skills:
 + Level 5.4 Fighting
 - Level 2.7 Short Blades
 + Level 4.8 Dodging
 - Level 9.0 Stealth
 + Level 5.3 Shields
 + Level 3.1 Spellcasting
 + Level 3.2 Conjurations
 + Level 3.3 Earth Magic


You had 11 spell levels left.
You knew the following spells:

 Your Spells              Type           Power        Failure   Level
a - Stone Arrow           Conj/Erth      24%          14%         3

Your spell library contained the following spells:

 Spells                   Type           Power        Failure   Level
 Conjure Flame            Conj/Fire      7%           28%         3
 Sandblast                Erth           26%          4%          1
 Passwall                 Tmut/Erth      5%           14%         2
 Petrify                  Tmut/Erth      7%           67%         4
 Lee's Rapid Deconstruct  Erth           6%           78%         5


Dungeon Overview and Level Annotations

Branches:
Dungeon (10/15)            Temple (1/1) D:4
   Lair: D:8-11         Orc: D:9-12

Altars:
Ashenzari
Dithmenos
Elyvilon
Fedhas
Gozag
Kikubaaqudgha
Makhleb
Nemelex Xobeh
Okawaru
Ru
Sif Muna
Trog
Vehumet
Wu Jian
Xom
Yredelemnul
Zin

Shops:
D:4 *

Annotations:
D:2 exclusion: downstairs
D:4 exclusion: downstairs


Innate Abilities, Weirdness & Mutations

You cannot wear most types of armour.
You are very stealthy in the water. (Stealth+)
You are amphibious.
You can wear up to eight rings at the same time.
You can use your tentacles to constrict eight enemies at once.
Your skin changes colour to match your surroundings (Stealth+).
Your rubbery body absorbs attacks. (AC +1, EV +1)


Message History

The centaur unwields a +0 shortbow.
The centaur completely misses you. The centaur hits you!
b - a +2 vorpal scimitar (weapon)
You barely miss the centaur. You squeeze the centaur.
The centaur is lightly wounded.
The centaur barely misses you.
You riposte.
You slash the centaur!
The centaur is heavily wounded.
The centaur closely misses you. The centaur misses you.
You hit the centaur. You squeeze the centaur.
You kill the centaur!
Vehumet accepts your kill. You block the ogre's attack.
You slash the two-headed ogre!
The two-headed ogre is moderately wounded.
The ogre barely misses you. You block the two-headed ogre's attack.
The two-headed ogre hits you with a +0 giant club!
The ogre hits you with a +0 giant club!!
* * * LOW HITPOINT WARNING * * *
The two-headed ogre hits you with a +0 dire flail!!
You die...

#.# #.# #.# #.#
#.# #.# .## #.#
..$ #(#
.##.###@##
......OO.## #.#
.##.#.....#.....
#.....(......#
#####[###.####
#.# .#
#..#####.# #
#........##
#.####...##


You could see a two-headed ogre and an ogre.

Vanquished Creatures
  Maggie (D:6)
  Duvessa (D:4)
  An orc warrior (D:6)
  3 sky beasts (D:6)
  2 ogres
  A centaur (D:8)
  4 bullfrogs (D:6)
  Dowan (D:4)
  A scorpion (D:10)
  A hound (D:5)
  An orc priest (D:6)
  3 orc wizards
  4 worker ants
  10 gnolls
  7 adders
  2 white imps
  An ufetubus (D:4)
  An ooze (D:1)
  An adder zombie (D:6)
  A worm (D:2)
  2 dart slugs
  3 leopard geckos
  5 orcs
  9 bats
  3 giant cockroaches
  8 goblins
  5 hobgoblins
  11 jackals
  7 kobolds
  A quokka (D:3)
  4 frilled lizards
  A jackal zombie (D:6)
  4 rats
110 creatures vanquished.

Vanquished Creatures (others)
  A plant (D:9)
1 creature vanquished.

Grand Total: 111 creatures vanquished

Notes
Turn   | Place    | Note
-------+----------+-------------------------------------------
     0 | D:5      | Geeful the Octopode Delver began the quest for the Orb.
     0 | D:5      | Reached XP level 1. HP: 16/16 MP: 1/1
     1 | D:6      | Noticed a bullfrog
     8 | D:6      | Killed a bullfrog
     9 | D:6      | Reached skill level 7 in Stealth
     9 | D:6      | Reached XP level 2. HP: 12/21 MP: 2/2
     9 | D:6      | Reached XP level 3. HP: 15/26 MP: 3/3
     9 | D:6      | Reached XP level 4. HP: 18/31 MP: 4/4
   196 | D:4      | Found a staircase to the Ecumenical Temple.
   223 | Temple   | Entered the Ecumenical Temple
   236 | Temple   | Became a worshipper of Vehumet
  1688 | D:2      | Reached * piety under Vehumet
  1688 | D:2      | Offered knowledge of Sandblast by Vehumet.
  1689 | D:2      | Reached XP level 5. HP: 37/37 MP: 5/5
  1706 | D:2      | Found a sparkling altar of Nemelex Xobeh.
  2241 | D:3      | Found a bloodstained altar of Trog.
  2241 | D:3      | Found a basalt altar of Yredelemnul.
  2790 | D:3      | Found an opulent altar of Gozag.
  2898 | D:3      | Found a glowing silver altar of Zin.
  3023 | D:3      | Reached skill level 1 in Spellcasting
  3299 | D:4      | Reached XP level 6. HP: 31/43 MP: 7/7
  3448 | D:4      | Learned a level 3 spell: Stone Arrow
  3629 | D:4      | Reached skill level 1 in Shields
  3840 | D:4      | Noticed Duvessa
  3840 | D:4      | Noticed Dowan
  3848 | D:4      | Killed Duvessa
  3859 | D:4      | Killed Dowan
  3860 | D:4      | Reached XP level 7. HP: 27/48 MP: 8/8
  4073 | D:4      | Found an ancient bone altar of Kikubaaqudgha.
  4191 | D:4      | Found Nugg's Assorted Antiques.
  4195 | D:4      | Bought a scroll labelled KIUWKO FUMYOTH for 25 gold pieces
  4195 | D:4      | Bought a kite shield for 112 gold pieces
  4282 | D:5      | Offered knowledge of Shock by Vehumet.
  4429 | D:5      | Reached ** piety under Vehumet
  4430 | D:5      | Reached skill level 8 in Stealth
  4608 | D:5      | Found an ornate altar of the Wu Jian Council.
  5062 | D:5      | Found a shadowy altar of Dithmenos.
  5266 | D:5      | Found a shimmering altar of Xom.
  5364 | D:5      | Found a blossoming altar of Fedhas.
  5410 | D:6      | Reached skill level 1 in Conjurations
  5410 | D:6      | Reached skill level 1 in Earth Magic
  5421 | D:6      | Found a shimmering blue altar of Sif Muna.
  5588 | D:6      | Reached XP level 8. HP: 54/54 MP: 10/10
  5808 | D:6      | Noticed Maggie
  5822 | D:6      | Killed Maggie
  5823 | D:6      | Reached skill level 5 in Fighting
  6415 | D:6      | Reached skill level 5 in Shields
  6579 | D:6      | Reached skill level 9 in Stealth
  6585 | D:6      | Found a burning altar of Makhleb.
  6784 | D:6      | Reached XP level 9. HP: 49/61 MP: 13/13
  6864 | D:7      | Offered knowledge of Conjure Flame by Vehumet.
  7045 | D:7      | You fall into a shaft and drop 3 floors!
  7045 | D:10     | Entered Level 10 of the Dungeon
  7145 | D:8      | Noticed a two-headed ogre
  7152 | D:8      | Mangled by a two-headed ogre

Illustrated notes

Levels and vault maps discovered:
D:1:      dpeg_arrival_windows_large_door, layout_loops_corners
D:2:      layout_rooms, nemelex_xobeh_ov_fountains_minmay
D:3:      kennysheep_six_static_rooms, layout_loops_cross,
          pdpol_temple_overflow_zin_treasury_gozag_greed,
          amethyst_overflow_temple_binary
D:4:      layout_loops_corners, kiku_gazebo_garden_becter,
          minmay_temple_entry_crystal_x, serial_shops,
          nicolae_shop_behind_doors, uniq_duvessa
D:5:      layout_basic, kennysheep_little_box, pdpol_wu_jian_five_deadly_venoms,
          xom_teletrap_fun, nicolae_dithmenos_through_a_glass_darkly,
          minmay_manual_moon
D:6:      layout_loops_ring, marbit_many_paths, basic_altar, uniq_maggie
D:7:      layout_rooms
D:8:      layout_loops_corners, lemuel_coloured_pillars_altar, uniq_grum
D:9:      wad_statue_garden, layout_rooms, cheibriados_altar_1, lair_entry_dummy
D:10:     layout_loops_ring, tgw_sif
Temple:   dpeg_three_leaves_temple

Skill      XL: |  1  2  3  4  5  6  7  8 |
---------------+-------------------------+-----
Stealth        | 7 8 9 |  9.0
Dodging        | 3 4 |  4.8
Fighting       | 4 5 |  5.4
Spellcasting   | 1 3 |  3.1
Shields        | 3 4 5 |  5.3
Conjurations   | 1 3 |  3.2
Earth Magic    | 1 3 |  3.3
Short Blades   | |  2.7

Action                   |  1- 3 |  4- 6 |  7- 9 || total
-------------------------+-------+-------+-------++-------
Melee: Short sword       |     2 |   161 |    82 ||   245
       Constrict         |     1 |    38 |    21 ||    60
       Tentacles         |       |    26 |    22 ||    48
       Scimitar          |       |       |    19 ||    19
Throw: Dart              |       |       |    28 ||    28
  Use: Scroll            |       |     8 |     5 ||    13
       Potion            |       |       |     1 ||     1
 Stab: Sleeping          |     1 |    24 |    11 ||    36
Armor: Skin              |       |     4 |     3 ||     7
Dodge: Dodged            |     1 |   145 |   111 ||   257
Block: Buckler           |       |       |    39 ||    39
       Rpst.: Scimitar   |       |       |     3 ||     3
